 Dungeon Crawl Stone Soup version 0.29.1-12-g30fa7ad0bf (webtiles) character file.

Game seed: 14364802921443185426

121 kingofthe the Caller (level 5, 0/35 HPs)
             Began as a Merfolk Summoner on Jan 15, 2023.
             Succumbed to a goblin's poison
             ... on level 3 of the Dungeon.
             The game lasted 00:23:50 (3772 turns).

kingofthe the Caller (Merfolk Summoner)             Turns: 3772, Time: 00:23:50

Health: 0/35       AC:  4    Str:  8    XL:     5   Next: 5%
Magic:  4/9        EV: 14    Int: 14    God:
Gold:   201        SH:  0    Dex: 17    Spells: 4/10 levels left

rFire   . . .      SeeInvis .   o - +0 spear
rCold   . . .      Faith    .   (no shield)
rNeg    . . .      Spirit   .   c - +0 robe
rPois   .          Reflect  .   h - +0 helmet
rElec   .          Harm     .   (no cloak)
rCorr   .          Rampage  .   (no gloves)
Will    .....                   d - +0 pair of boots {Stlth+}
Stlth   +++.......              (no amulet)
HPRegen 0.11/turn               (no ring)
MPRegen 0.11/turn               (no ring)

@: lethally poisoned (0 -> -26)
A: (nimble swimmer 2), mertail
a: no special abilities


You were on level 3 of the Dungeon.
You visited 1 branch of the dungeon, and saw 3 of its levels.

You collected 201 gold pieces.

Inventory:

Hand Weapons
 a - a +0 dagger
 b - a +0 sling
 o - a +0 spear (weapon)
Missiles
 j - 22 stones (quivered)
Armour
 c - a +0 robe (worn)
 d - a +0 pair of boots of stealth (worn)
 h - a +0 helmet (worn)
 p - an orb of mayhem
Scrolls
 f - a scroll of enchant armour {unknown}
 g - a scroll of enchant weapon {unknown}
 i - a scroll of teleportation {unknown}
 l - 2 scrolls of identify {unknown}
Potions
 e - 2 potions of heal wounds
 k - a potion of magic
 m - 3 potions of flight {unknown}
 n - a potion of curing {unknown}


   Skills:
 + Level 4.2 Dodging
 - Level 3.0 Stealth
 + Level 3.0 Spellcasting
 + Level 4.7 Summonings


You had 4 spell levels left.
You knew the following spells:

 Your Spells              Type           Power      Damage    Failure   Level
a - Summon Small Mammal   Summ           60%        N/A       3%          1
x - Call Imp              Summ           15%        N/A       4%          2
z - Call Canine Familiar  Summ           15%        N/A       10%         3

Your spell library contained the following spells:

 Spells                   Type           Power      Damage    Failure   Level
 Summon Guardian Golem    Hex/Summ       8%         N/A       24%         3
 Summon Lightning Spire   Summ/Air       8%         N/A       63%         4


Dungeon Overview and Level Annotations

Branches:
Dungeon (3/15)

Altars:
Vehumet

Annotations:
D:3 Sigmund


Innate Abilities, Weirdness & Mutations

((You are very nimble when in or above water. (Stealth+, EV+, Speed+++)))
Your lower body shifts to a powerful aquatic tail in water.


Message History

The goblin hits you with a +0 dagger of venom.
You are poisoned.
You barely miss the goblin.
You feel very sick.
Your crimson imp hits the dart slug.
The goblin hits you with a +0 dagger of venom.
You are more poisoned.
You hit the goblin.
The goblin is severely wounded.
You feel very sick.
Your crimson imp blinks!
The goblin hits you but does no damage.
You are more poisoned.
The dart slug launches a dart at you. The slug dart hits you.
You barely miss the goblin.
The goblin is severely wounded.
You feel very sick.
The goblin hits you with a +0 dagger of venom.
You are lethally poisoned!
You are too injured to fight recklessly!
Casting: Call Imp (safe; 4% risk of failure)
Confirm with . or Enter, or press ? or * to list all spells.
A beastly little devil appears in a puff of flame.
You feel very sick. The goblin hits you but does no damage.
You are more poisoned.
Casting: Call Imp (safe; 4% risk of failure)
Confirm with . or Enter, or press ? or * to list all spells.
You don't know that spell.
Casting: Call Imp (safe; 4% risk of failure)
Confirm with . or Enter, or press ? or * to list all spells.
A beastly little devil appears in a puff of flame.
* * * LOW HITPOINT WARNING * * *
You feel very sick.
Your crimson imp disappears in a puff of smoke!
The goblin barely misses you.
You closely miss the goblin.
The goblin is severely wounded.
You die...

##..........##....
.#.................
....................
#.....).............
..#...................
.......##..............
#.###.....w............
# #..................
##.....@.5......>[..
#.†.....g.§..........
....$.....#..§.........
....°.○.°..§...........
....☼............(.....
............†).........
......#......<.........
...##.....#####..... ..
#.....# .....


You could see a dart slug, a goblin (ally target) and a friendly crimson imp
(summoned).

Vanquished Creatures
  2 gnolls (D:2)
  A dart slug (D:1)
  An orc (D:2)
  5 ball pythons
  2 endoplasms (D:1)
  4 goblins
  A hobgoblin (D:2)
  4 jackals
  A quokka (D:2)
  A frilled lizard (D:2)
  A kobold (D:2)
  2 rats (D:2)
25 creatures vanquished.

Vanquished Creatures (collateral kills)
  2 gnolls (D:2)
  2 adders (D:2)
  4 orcs
  2 ball pythons
  4 endoplasms
  A giant cockroach (D:2)
  A goblin (D:1)
  3 hobgoblins
  3 jackals
  A kobold (D:2)
  3 bats (D:2)
  A rat (D:1)
27 creatures vanquished.

Vanquished Creatures (others)
  A ball python (D:3)
  3 plants (D:3)
4 creatures vanquished.

Grand Total: 56 creatures vanquished

Notes
Turn   | Place    | Note
-------+----------+-------------------------------------------
     0 | D:1      | kingofthe the Merfolk Summoner began the quest for the Orb.
     0 | D:1      | Reached XP level 1. HP: 13/13 MP: 3/3
   405 | D:1      | Reached XP level 2. HP: 13/19 MP: 5/5
   549 | D:1      | Learned a level 2 spell: Call Imp
  1439 | D:2      | Found a faded altar of an unknown god.
  1443 | D:2      | Reached XP level 3. HP: 24/24 MP: 6/6
  1482 | D:2      | Learned a level 3 spell: Call Canine Familiar
  2692 | D:2      | Reached XP level 4. HP: 30/30 MP: 4/7
  2981 | D:3      | Found a radiant altar of Vehumet.
  3598 | D:2      | Reached XP level 5. HP: 34/35 MP: 6/9
  3748 | D:3      | Noticed Sigmund
  3772 | D:3      | Succumbed to a goblin's poison

Illustrated notes

Levels and vault maps discovered:
D:1:      roderic_chinese_lattice_arrival, layout_basic, hex_large,
          minmay_misc_feat_secret_circle, amcnicky_mini_corridor_feature
D:2:      layout_basic, ebering_ecumenical_altar_hall
D:3:      layout_rooms, fiery_altar_vehumet, mainiacjoe_overflow_alcove_1,
          serial_bayou_lagoon_b, uniq_sigmund

Skill      XL: |  1  2  3  4  5 |
---------------+----------------+-----
Dodging        | 3 4 |  4.2
Stealth        | 3 |  3.0
Spellcasting   | 3 |  3.0
Summonings     | |  4.7

Action                   |  1- 3 |  4- 6 || total
-------------------------+-------+-------++-------
Melee: Dagger            |    84 |       ||    84
       Unarmed           |     3 |       ||     3
       Spear             |    11 |    66 ||    77
       Punch             |     1 |       ||     1
 Cast: Summon Small Mamm |    21 |     6 ||    27
       Call Imp          |     6 |    13 ||    19
       Call Canine Famil |       |     1 ||     1
  Use: Potion            |       |     1 ||     1
 Stab: Sleeping          |     7 |       ||     7
       Distracted        |     1 |     1 ||     2
Armor: Robe              |    24 |    28 ||    52
Dodge: Dodged            |    68 |    77 ||   145
